SA
HOGSMEADE CAULDRONS @ DELAWARE 1787 BC
07/14/2032
 
TOP OF THE 1ST
Hogsmeade Cauldrons batting - Pitching for Delaware 1787 BC : RHP Juriaan Roos
Pitching: RHP Juriaan Roos
Batting: RHB Panas Pletnev 0-0: Ball
1-0: Ground out 3-1 (Groundball, 34S)
Batting: RHB Conor Gallon 0-0: Ground out 4-3 (Groundball, 4M)
Batting: LHB Jin-yong Myung 0-0: Ball
1-0: Ball
2-0: Ball
3-0: Base on Balls
Batting: LHB Bartolo Trejo 0-0: Ball
1-0: Ball
2-0: Called Strike
2-1: Ground out 3-1 (Groundball, 34S)
Top of the 1st over - 0 runs, 0 hits, 0 errors, 1 left on base; Hogsmeade 0 - Delaware 0
BOTTOM OF THE 1ST
Delaware 1787 BC batting - Pitching for Hogsmeade Cauldrons : LHP Chet Ball
Pitching: LHP Chet Ball
Batting: LHB Xuan-ling Liao 0-0: Ball
1-0: Ball
2-0: Ball
3-0: Base on Balls
Batting: RHB John Willoughby 0-0: Called Strike
0-1: Ball
1-1: Grounds into double play, 1-4-3 (Groundball, 15)
Batting: RHB Jesús Guzmán 0-0: Ball
1-0: Called Strike
1-1: Ball
2-1: Ground out 4-3 (Groundball, 4)
Bottom of the 1st over - 0 runs, 0 hits, 0 errors, 0 left on base; Hogsmeade 0 - Delaware 0
TOP OF THE 2ND
Hogsmeade Cauldrons batting - Pitching for Delaware 1787 BC : RHP Juriaan Roos
Batting: RHB Yasuyuki Hagi 0-0: Ball
1-0: Ground out 4-3 (Groundball, 4)
Batting: RHB Jean Couturier 0-0: Ball
1-0: DOUBLE (Flyball, 78XD)
Batting: RHB Graeme Dormer 0-0: Called Strike
0-1: Fly out, F9 (Flyball, 9LD)
Batting: RHB Diederick Tuiters 0-0: Swinging Strike
0-1: Ball
1-1: Ball
2-1: Swinging Strike
2-2: Strikes out swinging
Top of the 2nd over - 0 runs, 1 hit, 0 errors, 1 left on base; Hogsmeade 0 - Delaware 0
BOTTOM OF THE 2ND
Delaware 1787 BC batting - Pitching for Hogsmeade Cauldrons : LHP Chet Ball
Batting: RHB Dam Son 0-0: Called Strike
0-1: Ball
1-1: Ball
2-1: Foul Ball, location: 2F
2-2: Foul Ball, location: 2F
2-2: Foul Ball, location: 2F
2-2: Foul Ball, location: 2F
2-2: Foul Ball, location: 2F
2-2: Foul Ball, location: 2F
2-2: Ground out 5-3 (Groundball, 56)
Batting: RHB Jeff Quesenberry 0-0: SINGLE (Line Drive, 6MD)
Batting: RHB Kendrick Drumgoole 0-0: Foul Ball, location: 2F
0-1: Called Strike
0-2: Ball
1-2: SINGLE (Groundball, 56S) (infield hit)
Jeff Quesenberry to second
Batting: LHB Bryce Abood 0-0: Called Strike
0-1: Called Strike
Jeff Quesenberry steals 3rd base
Kendrick Drumgoole to second
0-2: Strikes out swinging
Batting: RHB Gary Jenkins 0-0: Foul Ball, location: 2F
0-1: Ground out 6-3 (Groundball, 6S)
Bottom of the 2nd over - 0 runs, 2 hits, 0 errors, 2 left on base; Hogsmeade 0 - Delaware 0
TOP OF THE 3RD
Hogsmeade Cauldrons batting - Pitching for Delaware 1787 BC : RHP Juriaan Roos
Batting: RHB Jung-min Ch'oe 0-0: Called Strike
0-1: Called Strike
0-2: Ball
1-2: Foul Ball, location: 2F
1-2: Strikes out swinging
Batting: RHB Panas Pletnev 0-0: Ball
1-0: Called Strike
1-1: Foul Ball, location: 2F
1-2: Ball
2-2: Ball
3-2: Foul Ball, location: 2F
3-2: DOUBLE (Line Drive, 7LM)
Batting: RHB Conor Gallon 0-0: Called Strike
0-1: Hit by Pitch
Batting: LHB Jin-yong Myung 0-0: Swinging Strike
0-1: Ball
1-1: Foul Ball, location: 2F
1-2: Ball
2-2: Grounds into double play, 4-6-3 (Groundball, 4M)
Top of the 3rd over - 0 runs, 1 hit, 0 errors, 1 left on base; Hogsmeade 0 - Delaware 0
BOTTOM OF THE 3RD
Delaware 1787 BC batting - Pitching for Hogsmeade Cauldrons : LHP Chet Ball
Batting: RHB Andrew Irwin 0-0: Called Strike
0-1: Ball
1-1: Foul Ball, location: 2F
1-2: Ball
2-2: Strikes out swinging
Batting: LHB Xuan-ling Liao 0-0: Ball
1-0: Fly out, F8 (Flyball, 89M)
Batting: RHB John Willoughby 0-0: Ball
1-0: Fly out, F5 (Line Drive, 56)
Bottom of the 3rd over - 0 runs, 0 hits, 0 errors, 0 left on base; Hogsmeade 0 - Delaware 0
TOP OF THE 4TH
Hogsmeade Cauldrons batting - Pitching for Delaware 1787 BC : RHP Juriaan Roos
Batting: LHB Bartolo Trejo 0-0: Foul Ball, location: 2F
0-1: Called Strike
0-2: Ball
1-2: Strikes out swinging
Batting: RHB Yasuyuki Hagi 0-0: Ball
1-0: Called Strike
1-1: Foul Ball, location: 2F
1-2: Foul Ball, location: 2F
1-2: Ball
2-2: Ball
3-2: Strikes out swinging
Batting: RHB Jean Couturier 0-0: Ball
1-0: Ball
2-0: Called Strike
2-1: Foul Ball, location: 2F
2-2: Strikes out swinging
Top of the 4th over - 0 runs, 0 hits, 0 errors, 0 left on base; Hogsmeade 0 - Delaware 0
BOTTOM OF THE 4TH
Delaware 1787 BC batting - Pitching for Hogsmeade Cauldrons : LHP Chet Ball
Batting: RHB Jesús Guzmán 0-0: Foul Ball, location: 2F
0-1: Ball
1-1: SINGLE (Line Drive, 89S)
Batting: RHB Dam Son 0-0: Ball
1-0: Ball
2-0: Ball
3-0: Base on Balls
Jesús Guzmán to second
Batting: RHB Jeff Quesenberry 0-0: Called Strike
0-1: Grounds into double play, 6-4-3 (Groundball, 56)
Jesús Guzmán to third
Batting: RHB Kendrick Drumgoole 0-0: Called Strike
0-1: Ball
1-1: DOUBLE (Flyball, 8RXD)
Jesús Guzmán scores
Batting: LHB Bryce Abood 0-0: Ball
1-0: Foul Ball, location: 2F
1-1: Foul Ball, location: 2F
1-2: Fly out, F9 (Flyball, 9)
Bottom of the 4th over - 1 run, 2 hits, 0 errors, 1 left on base; Hogsmeade 0 - Delaware 1
TOP OF THE 5TH
Hogsmeade Cauldrons batting - Pitching for Delaware 1787 BC : RHP Juriaan Roos
Batting: RHB Graeme Dormer 0-0: Ball
1-0: Called Strike
1-1: Ball
2-1: Fly out, F5 (Line Drive, 56)
Batting: RHB Diederick Tuiters 0-0: Ball
1-0: Called Strike
1-1: Bunted foul
1-2: Strikes out swinging
Batting: RHB Jung-min Ch'oe 0-0: Called Strike
0-1: Ball
1-1: Fly out, F8 (Flyball, 8RD)
Top of the 5th over - 0 runs, 0 hits, 0 errors, 0 left on base; Hogsmeade 0 - Delaware 1
BOTTOM OF THE 5TH
Delaware 1787 BC batting - Pitching for Hogsmeade Cauldrons : LHP Chet Ball
Batting: RHB Gary Jenkins 0-0: Ball
1-0: Called Strike
1-1: SINGLE (Line Drive, 7S)
Batting: RHB Andrew Irwin 0-0: Ball
1-0: Bunted foul
1-1: Ball
2-1: Bunted foul
2-2: Ball
3-2: Foul Ball, location: 2F
3-2: Ground out 1-3 (Groundball, 15S)
Gary Jenkins to second
Batting: LHB Xuan-ling Liao 0-0: Swinging Strike
0-1: Ball
1-1: Foul Ball, location: 2F
1-2: Ground out 6-3 (Groundball, 6)
Batting: RHB John Willoughby 0-0: Ground out 6-3 (Groundball, 6S)
Bottom of the 5th over - 0 runs, 1 hit, 0 errors, 1 left on base; Hogsmeade 0 - Delaware 1
TOP OF THE 6TH
Hogsmeade Cauldrons batting - Pitching for Delaware 1787 BC : RHP Juriaan Roos
Batting: RHB Panas Pletnev 0-0: Ground out U3 (Groundball, 3)
Batting: RHB Conor Gallon 0-0: Ground out U3 (Groundball, 3L)
Batting: LHB Jin-yong Myung 0-0: Ball
1-0: Called Strike
1-1: Called Strike
1-2: Strikes out looking
Top of the 6th over - 0 runs, 0 hits, 0 errors, 0 left on base; Hogsmeade 0 - Delaware 1
BOTTOM OF THE 6TH
Delaware 1787 BC batting - Pitching for Hogsmeade Cauldrons : LHP Chet Ball
Batting: RHB Jesús Guzmán 0-0: Ball
1-0: Ground out 6-3 (Groundball, 6)
Batting: RHB Dam Son 0-0: Swinging Strike
0-1: Swinging Strike
0-2: Ball
1-2: Ground out 6-3 (Groundball, 6)
Batting: RHB Jeff Quesenberry 0-0: Called Strike
0-1: Called Strike
0-2: Foul Ball, location: 2F
0-2: Ball
1-2: Ball
2-2: Ground out U3 (Groundball, 34)
Bottom of the 6th over - 0 runs, 0 hits, 0 errors, 0 left on base; Hogsmeade 0 - Delaware 1
TOP OF THE 7TH
Hogsmeade Cauldrons batting - Pitching for Delaware 1787 BC : RHP Juriaan Roos
Batting: LHB Bartolo Trejo 0-0: Ball
1-0: Called Strike
1-1: Ball
2-1: Ball
3-1: Swinging Strike
3-2: Foul Ball, location: 2F
3-2: SINGLE (Groundball, 56D)
Batting: RHB Yasuyuki Hagi 0-0: Called Strike
0-1: Ball
1-1: Ball
Bartolo Trejo is caught stealing 2nd base
2-1: Swinging Strike
2-2: Ground out 6-3 (Groundball, 6)
Batting: RHB Jean Couturier 0-0: Ball
1-0: Fly out, F7 (Flyball, 7LDF)
Top of the 7th over - 0 runs, 1 hit, 0 errors, 0 left on base; Hogsmeade 0 - Delaware 1
BOTTOM OF THE 7TH
Delaware 1787 BC batting - Pitching for Hogsmeade Cauldrons : LHP Chet Ball
Batting: RHB Kendrick Drumgoole 0-0: Fly out, F8 (Flyball, 8LD)
Batting: LHB Bryce Abood 0-0: Ground out 4-3 (Groundball, 4)
Batting: RHB Gary Jenkins 0-0: Foul Ball, location: 2F
0-1: Ball
1-1: Ball
2-1: Foul Ball, location: 2F
2-2: SINGLE (Flyball, 7LM)
Batting: RHB Andrew Irwin 0-0: Ball
1-0: Ball
2-0: Called Strike
2-1: Called Strike
2-2: Foul Ball, location: 2F
2-2: Ball
3-2: Strikes out swinging
Bottom of the 7th over - 0 runs, 1 hit, 0 errors, 1 left on base; Hogsmeade 0 - Delaware 1
TOP OF THE 8TH
Hogsmeade Cauldrons batting - Pitching for Delaware 1787 BC : RHP Juriaan Roos
Batting: RHB Graeme Dormer 0-0: Called Strike
0-1: Ball
1-1: Foul Ball, location: 2F
1-2: Ball
2-2: Ball
3-2: Strikes out swinging
Batting: RHB Diederick Tuiters 0-0: SINGLE (Line Drive, 9S)
Batting: RHB Jung-min Ch'oe 0-0: Foul Ball, location: 2F
0-1: Ball
1-1: Ball
2-1: SINGLE (Groundball, 34D)
Diederick Tuiters to second
Runner from 2nd tries for 3rd, SAFE, no throw
Batting: RHB Panas Pletnev 0-0: Ball
1-0: Ball
2-0: Called Strike
2-1: Ground out 5-3 (Groundball, 5S)
Jung-min Ch'oe to second
Batting: RHB Conor Gallon 0-0: Swinging Strike
0-1: Ball
1-1: Swinging Strike
1-2: Foul Ball, location: 2F
1-2: Strikes out swinging
Top of the 8th over - 0 runs, 2 hits, 0 errors, 2 left on base; Hogsmeade 0 - Delaware 1
BOTTOM OF THE 8TH
Delaware 1787 BC batting - Pitching for Hogsmeade Cauldrons : LHP Chet Ball
Batting: LHB Xuan-ling Liao 0-0: Called Strike
0-1: Ball
1-1: Called Strike
1-2: Foul Ball, location: 2F
1-2: Foul Ball, location: 2F
1-2: Ball
2-2: SOLO HOME RUN (Flyball, 89XD), Distance : 388 ft
Pitching: RHP David Aguilar
Batting: RHB John Willoughby 0-0: Ball
1-0: Ball
2-0: Ball
3-0: Base on Balls
Batting: RHB Jesús Guzmán 0-0: Fly out, F8 (Flyball, 8RS)
Batting: RHB Dam Son 0-0: Ball
1-0: Foul Ball, location: 2F
1-1: Foul Ball, location: 2F
1-2: Foul Ball, location: 2F
1-2: Ball
Passed Ball!
John Willoughby to second
2-2: Foul Ball, location: 2F
2-2: Strikes out looking
Batting: RHB Jeff Quesenberry 0-0: Ball
1-0: Ball
2-0: Ball
3-0: Base on Balls
Pinch Hitting: LHB Jake Grant 0-0: Ball
1-0: Ball
2-0: Foul Ball, location: 2F
2-1: Foul Ball, location: 2F
2-2: Foul Ball, location: 2F
2-2: Ball
3-2: 3-RUN HOME RUN (Flyball, 9LD), Distance : 332 ft
Batting: LHB Bryce Abood 0-0: Foul Ball, location: 2F
0-1: Ball
1-1: Swinging Strike
1-2: Foul Ball, location: 2F
1-2: Strikes out looking
Bottom of the 8th over - 4 runs, 2 hits, 0 errors, 0 left on base; Hogsmeade 0 - Delaware 5
TOP OF THE 9TH
Hogsmeade Cauldrons batting - Pitching for Delaware 1787 BC : RHP Juriaan Roos
Now in LF: Jake Grant
Batting: LHB Jin-yong Myung 0-0: Ball
1-0: Ball
2-0: Fly out, F7 (Flyball, 78M)
Batting: LHB Bartolo Trejo 0-0: Called Strike
0-1: Ball
1-1: Foul Ball, location: 2F
1-2: Ball
2-2: Fly out, F8 (Flyball, 8RM)
Batting: RHB Yasuyuki Hagi 0-0: Foul Ball, location: 2F
0-1: Swinging Strike
0-2: Ball
1-2: Fly out, F7 (Flyball, 78S)
Top of the 9th over - 0 runs, 0 hits, 0 errors, 0 left on base; Hogsmeade 0 - Delaware 5
Wednesday, September 19th, 2018 - OOTP Baseball 18.8 Build 76